AoeStats
← 17_Neo_

Arabia

510295476Analyzed
1v1 RM · 2d ago on Sep 30, 2026· 48m 45s· 2 players
Game mode
Random Map
Map size
Tiny (2 player)
Population
200
Speed
Normal
Resources
Standard
Victory
Conquest
Starting age
Dark Age
Ending age
Imperial Age
RankedLock teamsTeams togetherTeam positionsShared explorationLock speedFull tech treeHidden civsTurbo modeCheats
Victory
Defeat
🇨🇴 Maya · Colombia
1718
+20
🇨🇳 Goths · China
1796
-20
17_Neo_
0:27 Loom
9:19 Feudal Age
9:54 Double-Bit Axe
16:16 Fletching
17:22 Padded Archer Armor
17:29 Horse Collar
22:43 Castle Age
22:15 Gold Mining
22:56 Crossbowman
23:22 Elite Skirmisher
24:26 Man-at-Arms
25:07 Squires
25:18 Forging
25:08 Scale Mail Armor
25:07 Long Swordsman
32:09 Iron Casting
33:00 Bow Saw
32:55 Heavy Plow
34:10 Chain Mail Armor
34:37 Arson
46:34 Bodkin Arrow
主打抽象
0:43 Loom
10:50 Feudal Age
11:02 Man-at-Arms
11:56 Double-Bit Axe
15:15 Fletching
17:24 Town Watch
18:23 Padded Archer Armor
22:36 Castle Age
21:01 Scale Mail Armor
21:36 Stone Mining
22:09 Gold Mining
22:03 Horse Collar
24:15 Squires
24:49 Chain Mail Armor
30:06 Bow Saw
34:17 Wheelbarrow
36:03 Long Swordsman
37:07 Anarchy
38:05 Bodkin Arrow
40:19 Forging
40:06 Long Swordsman
44:49 Iron Casting
Connection lost

Rejoining the realm…

Still unreachable

The connection could not be restored.

Session expired

The server has moved on; the page needs a fresh start.